 Dungeon Crawl Stone Soup version 0.29.1-13-g9f3cf754e1 (webtiles) character file.

Game seed: 12760370600800290971

418 zlionsfan the Chopper (level 7, -3/55 HPs)
             Began as a Human Berserker on Feb 4, 2023.
             Was a Believer of Trog.
             Slain by Grinder (6 damage)
             ... on level 4 of the Dungeon.
             The game lasted 00:09:47 (3164 turns).

zlionsfan the Chopper (Human Berserker)             Turns: 3164, Time: 00:09:48

Health: -3/55      AC:  3    Str: 26    XL:     7   Next: 16%
Magic:  7/7        EV: 13    Int:  7    God:    Trog [**....]
Gold:   191        SH:  0    Dex: 18    Spells: 6/6 levels left

rFire   . . .      SeeInvis .   a - +0 hand axe
rCold   . . .      Faith    .   (no shield)
rNeg    . . .      Spirit   .   h - +0 animal skin
rPois   .          Reflect  .   (no helmet)
rElec   .          Harm     .   (no cloak)
rCorr   .          Rampage  .   (no gloves)
Will    ++...                   j - +0 pair of boots
Stlth   ++........              (no amulet)
HPRegen 1.18/turn               c - +6 ring of strength
MPRegen 0.10/turn               p - +6 ring of dexterity

@: strong-willed, on berserk cooldown, regenerating, slowed, very slow
A: no striking features
a: Renounce Religion, Berserk, Trog's Hand


You were on level 4 of the Dungeon.
You worshipped Trog.
Trog was pleased with you.
You visited 1 branch of the dungeon, and saw 4 of its levels.

You collected 191 gold pieces.

Inventory:

Hand Weapons
 a - a +0 hand axe (weapon)
 b - a +0 sling
Missiles
 q - 6 boomerangs (quivered)
Armour
 h - a +0 animal skin (worn)
 j - a +0 pair of boots (worn)
Jewellery
 c - a +6 ring of strength (left hand)
 l - a +4 ring of protection
 p - a +6 ring of dexterity (right hand)
Scrolls
 e - 3 scrolls of teleportation
 g - a scroll of enchant armour {unknown}
 i - a scroll of blinking
 m - a scroll of vulnerability
 n - a scroll of poison {unknown}
 o - a scroll of magic mapping {unknown}
 r - a scroll of fear {unknown}
 u - a scroll of enchant weapon {unknown}
Potions
 d - a potion of berserk rage
 f - a potion of heal wounds {unknown}
 s - a potion of magic {unknown}
 t - a potion of resistance {unknown}


   Skills:
 * Level 4.6 Fighting
 * Level 6.1 Axes
 + Level 2.2 Armour
 + Level 2.7 Dodging
 + Level 0.9 Stealth


You had 6 spell levels left.
You didn't know any spells.
Your spell library was empty.

Dungeon Overview and Level Annotations

Branches:
Dungeon (4/15)
 Temple: D:4-7

Altars:
Okawaru

Annotations:
D:4 Grinder


Message History

Grinder barely misses you. x2
You barely miss Grinder.
Grinder is severely wounded.
Grinder barely misses you.
You hit Grinder but do no damage.
Grinder is severely wounded.
Grinder hits you.
You writhe in agony.
Grinder barely misses you.
Your skin crawls.
You feel strong-willed. Grinder closely misses you.
You hit Grinder.
Grinder is severely wounded.
Grinder says, "I used to sell toenails on the black market."
Grinder hits you.
You writhe in agony.
Grinder hits you but does no damage.
You hit Grinder.
Grinder is severely wounded.
Grinder barely misses you.
You hit Grinder but do no damage.
Grinder is severely wounded.
Grinder gestures at you. You resist with almost no effort.
Grinder completely misses you.
You closely miss Grinder.
Grinder is severely wounded.
Grinder hits you!
* * * LOW HITPOINT WARNING * * *
You writhe in agony.
* * * LOW HITPOINT WARNING * * *
It was a potion of curing.
You feel better. Grinder hits you!
* * * LOW HITPOINT WARNING * * *
You writhe in agony.
* * * LOW HITPOINT WARNING * * *
Grinder hits you.
* * * LOW HITPOINT WARNING * * *
You feel better. Grinder closely misses you.
You completely miss Grinder.
Grinder is severely wounded.
Grinder hits you!
* * * LOW HITPOINT WARNING * * *
You writhe in agony.
You die...

#.###.##.#.#
#........#.#### .#.
#####.#.......# ...
.. #.#.###.# ..#
#.###.#.ยง.#.###..#
#. #....#.##.#... #
#.#..#....#.#
#...........#######
#..........@5......
#........[..#######
##########>.....
#.##### #.# #.# ..#
###


You could see Grinder.

Vanquished Creatures
  Sigmund (D:2)
  A centaur (D:3)
  A necrophage (D:3)
  An orc priest (D:3)
  An adder (D:2)
  2 worms
  3 orcs (D:3)
  5 bats
  8 endoplasms
  4 giant cockroaches
  10 hobgoblins
  3 kobolds
  6 ball pythons
  5 frilled lizards
  4 goblins
  4 rats (D:1)
59 creatures vanquished.

Notes
Turn   | Place    | Note
-------+----------+-------------------------------------------
     0 | D:1      | zlionsfan the Human Berserker began the quest for the Orb.
     0 | D:1      | Reached XP level 1. HP: 18/18 MP: 1/1
   122 | D:1      | Reached XP level 2. HP: 22/24 MP: 2/2
   552 | D:1      | Reached XP level 3. HP: 19/29 MP: 3/3
   994 | D:2      | Found a faded altar of an unknown god.
  1023 | D:2      | Noticed Sigmund
  1039 | D:2      | Killed Sigmund
  1040 | D:2      | Reached skill level 5 in Axes
  1040 | D:2      | Reached XP level 4. HP: 15/37 MP: 4/4
  1040 | D:2      | Reached XP level 5. HP: 18/42 MP: 5/5
  1040 | D:2      | Reached XP level 6. HP: 20/48 MP: 6/6
  1575 | D:2      | Reached ** piety under Trog
  2189 | D:3      | Found an iron altar of Okawaru.
  2569 | D:3      | Reached skill level 6 in Axes
  2569 | D:3      | Reached XP level 7. HP: 38/55 MP: 7/7
  3136 | D:4      | Noticed Grinder
  3148 | D:4      | Paralysed by Grinder for 5 turns
  3164 | D:4      | Slain by Grinder

Illustrated notes

Levels and vault maps discovered:
D:1:      amcnicky_arrival_wind_blow, layout_basic, chequers_serial_rivers_marsh
D:2:      layout_loops_ring, nicolae_ecumenical_pavilion, uniq_sigmund
D:3:      layout_loops_ring, mainiacjoe_overflow_brackets
D:4:      layout_basic, overflow_temple_1_default, kennysheep_generic_room_13,
          uniq_natasha, uniq_grinder

Skill      XL: |  1  2  3  4  5  6 |
---------------+-------------------+-----
Fighting       | 4 |  4.6
Axes           | 5 6 |  6.1
Armour         | |  2.2
Dodging        | |  2.7
Stealth        | |  0.9

Action                   |  1- 3 |  4- 6 |  7- 9 || total
-------------------------+-------+-------+-------++-------
Melee: Hand axe          |    71 |    98 |    23 ||   192
       Punch             |     1 |     1 |       ||     2
Invok: Berserk           |     1 |     4 |     1 ||     6
       Trog's Hand       |       |       |     1 ||     1
  Use: Scroll            |       |     4 |       ||     4
       Potion            |       |       |     2 ||     2
 Stab: Sleeping          |       |     1 |     2 ||     3
Armor: Animal skin       |    14 |    14 |     2 ||    30
Dodge: Dodged            |    63 |    41 |    16 ||   120
